 Dungeon Crawl Stone Soup version 0.29.1-14-g9c671dbff4 (webtiles) character file.

Game seed: 2747815557776448742

23 JEP50 the Trooper (level 2, 0/27 HPs)
             Began as a Minotaur Berserker on Feb 14, 2023.
             Was a Follower of Trog.
             Slain by a goblin
             ... wielding a +0 dagger
             ... led by Robin
              (4 damage)
             ... on level 2 of the Dungeon.
             The game lasted 00:03:51 (561 turns).

JEP50 the Trooper (Minotaur Berserker)               Turns: 561, Time: 00:03:51

Health: 0/27       AC:  2    Str: 21    XL:     2   Next: 72%
Magic:  1/1        EV: 12    Int:  4    God:    Trog [*.....]
Gold:   50         SH:  0    Dex:  9    Spells: 1/1 levels left

rFire   . . .      SeeInvis .   a - +0 mace
rCold   . . .      Faith    .   (no shield)
rNeg    . . .      Spirit   .   b - +0 animal skin
rPois   .          Reflect  .   (helmet restricted)
rElec   .          Harm     .   (no cloak)
rCorr   .          Rampage  .   (no gloves)
Will    .....                   (no boots)
Stlth   +.........              (no amulet)
HPRegen 0.09/turn               (no ring)
MPRegen 0.07/turn               (no ring)

@: no status effects
A: horns 2, retaliatory headbutt
a: Renounce Religion, Berserk


You were on level 2 of the Dungeon.
You worshipped Trog.
Trog was aware of your devotion.
You visited 1 branch of the dungeon, and saw 2 of its levels.

You collected 50 gold pieces.

Inventory:

Hand Weapons
 a - a +0 mace (weapon)
 c - a +0 short sword
 h - a +0 dagger
 i - a +0 spear
 l - a +0 dagger
 n - a +0 club
 o - a +0 long sword
 q - a +0 short sword
Missiles
 d - 8 stones (quivered)
 f - 2 poisoned darts
Armour
 b - a +0 animal skin (worn)
Magical Staves
 r - a staff of earth
Jewellery
 j - a ring of resist corrosion
 m - a ring of protection from cold
 s - a ring of positive energy
Scrolls
 e - a scroll of fog {unknown}
 g - a scroll of magic mapping {unknown}
 p - a scroll of fear {unknown}
Potions
 k - a potion of attraction {unknown}


   Skills:
 + Level 4.3 Fighting
 + Level 4.2 Maces & Flails
 + Level 2.6 Armour
 + Level 2.2 Dodging


You had one spell level left.
You didn't know any spells.
Your spell library was empty.

Dungeon Overview and Level Annotations

Branches:
Dungeon (2/15)

Altars:

Annotations:
D:2 Robin


Innate Abilities, Weirdness & Mutations

You have a pair of horns on your head.
You reflexively headbutt those who attack you in melee.


Message History

Robin of the Strong Arm comes into view.
They are wielding a +0 dagger and wearing the +0 helmet of Vaust {Harm rF+ Int-5 Dex+4}.
A hobgoblin comes into view.
The goblin shoots a sling bullet.
The sling bullet hits you.
A goblin comes into view. It is wielding a +0 dagger.
The goblin shouts!
You hear a shout!
Robin roars a battlecry!
The goblins go into a battle-frenzy!
A goblin comes into view. It is wielding a +0 club.
A hobgoblin comes into view.
The hobgoblin shouts!
You thump the goblin!
You kill the goblin!
Trog accepts your kill.
You hear a shout!
The goblin shoots a sling bullet.
The sling bullet barely misses you.
A goblin comes into view. It is wielding a +0 club.
Robin throws the goblin at you! The goblin hits you with a +0 dagger.
A goblin comes into view. It is wielding a +0 club.
You closely miss the goblin. The goblin barely misses you. x2
You furiously retaliate!
You headbutt the goblin!
You kill the goblin!
Trog accepts your kill. Robin throws the goblin at you!
You hit the goblin.
You kill the goblin!
Trog accepts your kill.
The goblin hits you with a +0 dagger. x2; The goblin barely misses you.
You furiously retaliate!
You headbutt the goblin, but do no damage.
The goblin shoots a sling bullet.
The sling bullet hits you. The goblin attacks as you move away!
The goblin misses you. The goblin attacks as you move away!
The goblin completely misses you. The goblin hits you with a +0 club.
* * * LOW HITPOINT WARNING * * *
The goblin attacks as you move away! The goblin completely misses you.
The goblin attacks as you move away! The goblin hits you with a +0 club.
* * * LOW HITPOINT WARNING * * *
The goblin attacks as you move away! The goblin hits you but does no damage.
The goblin attacks as you move away! The goblin hits you with a +0 dagger.
You die...

#..........<...
#....†.........
#######.##........
#.................
#....##...#.#.####
#....##...#...#
#....##.#.#####
#....##.#.#
#@g..##.#.#
#g......#..
##gg..### . .
#g.g.####...
#g..g)......
#g..........
#...).......
#......##...
#......# ..


You could see Robin, 2 hobgoblins and 6 goblins.

Vanquished Creatures
  A dart slug (D:1)
  A ball python (D:1)
  3 endoplasms
  2 giant cockroaches (D:1)
  5 goblins
  A hobgoblin (D:2)
  A frilled lizard (D:1)
  3 kobolds
  A rat (D:1)
18 creatures vanquished.

Notes
Turn   | Place    | Note
-------+----------+-------------------------------------------
     0 | D:1      | JEP50 the Minotaur Berserker began the quest for the Orb.
     0 | D:1      | Reached XP level 1. HP: 19/19 MP: 0/0
     6 | D:1      | Noticed a salamander
     6 | D:1      | Noticed a rime drake
     6 | D:1      | Noticed a hog
     7 | D:1      | Noticed a polar bear
     7 | D:1      | Noticed a swamp worm
   171 | D:1      | Reached XP level 2. HP: 27/27 MP: 1/1
   551 | D:2      | Identified the +0 helmet of Vaust {Harm rF+ Int-5 Dex+4}
   551 | D:2      | Noticed Robin
   561 | D:2      | Slain by a goblin

Illustrated notes

Levels and vault maps discovered:
D:1:      onia_arrival_zoo_common, layout_basic
D:2:      layout_basic, shapermc_ecumenical_altar_hornbeckon, uniq_robin

Skill      XL: |  1  2 |
---------------+-------+-----
Maces & Flails | 4 |  4.2
Fighting       | 4 |  4.3
Armour         | |  2.6
Dodging        | |  2.2

Action                   || total
-------------------------++-------
Melee: Mace              ||    31
       Headbutt          ||     4
Armor: Animal skin       ||     5
Dodge: Dodged            ||    25
